 Dungeon Sprint DCSS version 0.27-a0-1139-g28e009f8a6 (webtiles) character file.

Game seed: 17330706788706135210

1245 Zeld the Arsonist (level 8, -31/57 HPs)
             Began as an Octopode Fire Elementalist on May 7, 2021.
             Was a Believer of Sif Muna.
             Shot with an arrow by a deep elf archer (37 damage)
             ... in the Dungeon (Sprint V: "Ziggurat Sprint").
             The game lasted 00:01:40 (648 turns).

Zeld the Arsonist (Octopode Fire Elementalist)       Turns: 648, Time: 00:01:41

Health: -31/57     AC:  1    Str:  8    XL:     8   Next: 50%
Magic:  18/18      EV: 15    Int: 31    God:    Sif Muna [**....]
Gold:   0          SH:  0    Dex: 12    Spells: 7/20 levels left

rFire    . . .     SeeInvis .   (no weapon)
rCold    . . .     Faith    .   (no shield)
rNeg     . . .     Spirit   .   (helmet restricted)
rPois    .         Reflect  .   (no amulet)
rElec    .         Harm     .   y - +6 ring of intelligence
rCorr    .         Rampage  .   x - +6 ring of intelligence
Will     .....     NoTele   +   (no ring)
Stlth    +++.......             (no ring)
HPRegen  0.19/turn              (no ring)
MPRegen  0.16/turn              (no ring)
                                (no ring)
                                (no ring)

@: channeling
A: almost no armour, amphibious, 8 rings, camouflage 1, gelatinous body 1,
(nimble swimmer 1), tentacles
a: Renounce Religion, Channel Magic


You were in the Dungeon.
You worshipped Sif Muna.
Sif Muna was pleased with you.
You visited 1 branch

Inventory:

Armour
 q - a +3 tower shield
Jewellery
 x - a +6 ring of intelligence (right tentacle)
 y - a +6 ring of intelligence (left tentacle)
Wands
 r - a wand of mindburst (7)
 s - a wand of iceblast (7)
 t - a wand of acid (7)
Scrolls
 g - 3 scrolls of blinking
 l - 4 scrolls of amnesia
 m - 7 scrolls of fog
 n - a scroll of holy word
 o - 5 scrolls of identify
 p - 2 scrolls of fear
Potions
 a - 2 potions of brilliance
 b - 10 potions of curing
 c - 8 potions of heal wounds
 d - 6 potions of haste
 e - 7 potions of magic
 f - 3 potions of berserk rage
 h - 2 potions of invisibility
 i - 4 potions of resistance
 k - 5 potions of might
Miscellaneous
 u - a lightning rod (4/4)


   Skills:
 + Level 5.7 Fighting
 + Level 6.3 Dodging
 - Level 2.6 Stealth
 + Level 6.7 Spellcasting
 + Level 7.1 Conjurations
 * Level 10.5 Fire Magic
 * Level 9.2 Invocations


You had 7 spell levels left.
You knew the following spells:

 Your Spells              Type           Power      Damage    Failure   Level
a - Foxfire               Conj/Fire      100%       2x1d9     1%          1
b - Conjure Flame         Conj/Fire      60%        6-21      1%          3
c - Sticky Flame          Conj/Fire      60%        2d8       1%          4
d - Fireball              Conj/Fire      30%        3d13      3%          5

Your spell library contained the following spells:

 Spells                   Type           Power      Damage    Failure   Level
 Inner Flame              Hex/Fire       42%        N/A       1%          3


Dungeon Overview and Level Annotations

Branches:
Dungeon (1/1)

Altars:
Ashenzari
Cheibriados
Dithmenos
Elyvilon
Fedhas
Gozag
Hepliaklqana
Kikubaaqudgha
Makhleb
Nemelex Xobeh
Okawaru
Qazlal
Ru
Sif Muna
Trog
Uskayaw
Vehumet
Wu Jian
Xom
Yredelemnul
Zin
The Shining One
Beogh
Jiyva
Lugonu

Annotations:
D 1 transporter


Innate Abilities, Weirdness & Mutations

You cannot wear most types of armour.
You are amphibious.
You can wear up to eight rings at the same time.
Your skin changes colour to match your surroundings (Stealth+).
Your rubbery body absorbs attacks. (AC +1, EV +1)
((You are camouflaged near water. (Stealth+)))
You have tentacles for arms and can constrict up to eight enemies at once.


Message History

The fireball engulfs the +3 long sword of protection.
The +3 long sword of protection resists.
The +3 long sword of protection is moderately damaged.
The fireball engulfs the deep elf pyromancer!!
You kill the deep elf pyromancer!
Sif Muna accepts your kill.
The deep elf archer blinks!
The deep elf archer unwields a +0 dagger.
The deep elf archer wields a +0 shortbow.
The deep elf archer shoots an arrow.
The arrow hits you!!
Ouch! That really hurt!
Your Dodging skill increases to level 6!
Your Conjurations skill increases to level 7!
Your Fire Magic skill increases to level 10!
Your Invocations skill increases to level 9!
You have reached level 8!
The +3 long sword of protection hits you!!
* * * LOW HITPOINT WARNING * * *
Unknown command.
Okay, then.
You feel much better.
The +3 long sword of protection hits you!
* * * LOW HITPOINT WARNING * * *
The +3 long sword of protection hits you.
* * * LOW HITPOINT WARNING * * *
Unknown command.
You feel much better.
The +3 long sword of protection hits you!
* * * LOW HITPOINT WARNING * * *
Unknown command.
Blink to where?
Press: ? - help, Dir - move target, p - deep elf archer
As you read the scroll of blinking, it crumbles to dust.
The deep elf archer shoots an arrow.
The arrow hits you!
* * * LOW HITPOINT WARNING * * *
The deep elf archer unwields a +0 short sword.
The deep elf archer wields a +0 longbow.
The deep elf archer shoots an arrow.
The arrow hits you!!!
Ouch! That really hurt!
You die...

▓▓▓▓▓▓▓▓▓▓▓▓▓▓▓▓▓▓▓
▓.8@8.▓.8©8.▓.8©8.▓
▓.[):.▓.)[..▓.....▓
▓..|).▓.....▓.).).▓
▓..(..▓.....▓.....▓
▓.ee..▓..)..▓.....▓
▓.....▓.....▓..©..▓
▓..§..▓..©..▓▓▓▓▓▓▓
▓▓▓▓▓▓▓▓▓▓▓▓▓


You could see 2 deep elf archers and a +3 long sword of protection.

Vanquished Creatures
  A deep elf pyromancer (D)
  An ugly thing (D)
  A hornet (shapeshifter) (D)
  A centaur (shapeshifter) (D)
  2 phantoms (D)
6 creatures vanquished.

Notes
Turn   | Place    | Note
-------+----------+-------------------------------------------
     0 | D        | Zeld the Octopode Fire Elementalist began the quest for the
                  | Orb.
     0 | D        | Reached XP level 1. HP: 11/11 MP: 3/3
     1 | D        | Banished a spatial maelstrom
     2 | D        | Found a blossoming altar of Fedhas.
     3 | D        | Found the +6 Majin-Bo {vamp, MP+6 Int+6}
     3 | D        | Found the +9 heavy crossbow "Sniper" {vorpal, Acc+∞ SInv}
     3 | D        | Found the +10 dark maul {vorpal}
     3 | D        | Found the +15 Maxwell's patent armour {-Cast -Tele rElec
                  | Will+ rCorr}
     3 | D        | Found the +18 shield of the Gong {rElec rN+ Will+ EV-5}
     3 | D        | Found the +14 obsidian axe {vorpal, Drain Fly SInv}
     3 | D        | Found the +7 great mace "Firestarter" {inner flame, rF++}
     3 | D        | Found the +6 shillelagh "Devastator" {shatter}
     3 | D        | Found the +11 plutonium sword {Contam Stlth-}
     3 | D        | Found the +8 lance "Wyrmbane" {slay drac, rPois rF+ rC+
                  | AC+3}
     3 | D        | Found the +9 sword of Zonguldrok {reap}
     3 | D        | Found the +13 scythe of Curses {drain, Drain}
     3 | D        | Found the +5 sword of Power {vorpal}
     3 | D        | Found the +7 mace of Variability {chain chaos}
     3 | D        | Found the +7 Singing Sword {vorpal, sonic wave}
     3 | D        | Found the +8 storm bow {elec, penet}
     5 | D        | Found a shimmering blue altar of Sif Muna.
     5 | D        | Found a sacrificial altar of Ru.
     5 | D        | Found a bloodstained altar of Trog.
     5 | D        | Found a stormy altar of Qazlal.
     5 | D        | Found an iron altar of Okawaru.
     5 | D        | Found a sparkling altar of Nemelex Xobeh.
     7 | D        | Found a transporter.
     7 | D        | Found an ancient bone altar of Kikubaaqudgha.
     7 | D        | Found a viscous altar of Jiyva.
     7 | D        | Found a corrupted altar of Lugonu.
     7 | D        | Found a hazy altar of Hepliaklqana.
     7 | D        | Found a burning altar of Makhleb.
     7 | D        | Found an opulent altar of Gozag.
    24 | D        | Banished a spatial maelstrom
    67 | D        | Became a worshipper of Sif Muna the Loreminder
    68 | D        | Reached skill level 6 in Fire Magic
    68 | D        | Reached XP level 2. HP: 17/17 MP: 3/6
   215 | D        | Entered arena 2.
   215 | D        | Noticed a phantom
   215 | D        | Noticed a phantom
   215 | D        | Found a transporter.
   219 | D        | Killed a phantom
   220 | D        | Reached skill level 1 in Fighting
   220 | D        | Reached XP level 3. HP: 10/24 MP: 6/8
   220 | D        | Reached XP level 4. HP: 12/29 MP: 7/10
   224 | D        | Killed a phantom
   225 | D        | Reached skill level 7 in Fire Magic
   225 | D        | Reached XP level 5. HP: 11/35 MP: 8/12
   229 | D        | Learned a level 3 spell: Conjure Flame
   234 | D        | Learned a level 4 spell: Sticky Flame
   240 | D        | Learned a level 5 spell: Fireball
   543 | D        | Entered arena 3.
   543 | D        | Noticed a hornet
   543 | D        | Noticed a cyan ugly thing
   543 | D        | Noticed a centaur
   543 | D        | Found a transporter.
   546 | D        | Killed a centaur
   546 | D        | Reached * piety under Sif Muna
   547 | D        | Reached skill level 5 in Spellcasting
   547 | D        | Reached skill level 5 in Conjurations
   547 | D        | Reached skill level 8 in Fire Magic
   547 | D        | Reached skill level 5 in Invocations
   547 | D        | Reached XP level 6. HP: 32/42 MP: 2/13
   549 | D        | Killed a hornet
   551 | D        | Killed a green ugly thing
   552 | D        | Reached skill level 5 in Fighting
   552 | D        | Reached skill level 5 in Dodging
   552 | D        | Reached skill level 9 in Fire Magic
   552 | D        | Reached XP level 7. HP: 39/50 MP: 3/16
   642 | D        | Entered arena 4.
   642 | D        | Noticed a +3 long sword of protection
   642 | D        | Noticed a deep elf archer
   642 | D        | Noticed a deep elf pyromancer
   642 | D        | Noticed a deep elf archer
   642 | D        | Found a transporter.
   643 | D        | Found the +3 salamander hide armour {Flames rF++ rC--}
   644 | D        | Killed a deep elf pyromancer
   644 | D        | Reached ** piety under Sif Muna
   645 | D        | Reached skill level 10 in Fire Magic
   645 | D        | Reached XP level 8. HP: 27/57 MP: 6/18
   648 | D        | Shot with an arrow by a deep elf archer

Illustrated notes

Levels and vault maps discovered:
D:        sprint_v [room_start, room_1, room_2, room_3, room_4, room_5, room_6,
          room_7, room_8, room_9, room_10, room_11, room_12, room_13, room_14,
          room_15, room_16, room_17, room_18, room_19, room_20, room_21,
          room_22, room_23, room_24, room_25, room_26, room_27]

Skill      XL: |  1  2  3  4  5  6  7 |
---------------+----------------------+-----
Spellcasting   | 3 4 5 6 |  6.7
Conjurations   | 3 4 5 6 7 |  7.1
Fire Magic     | 6 7 8 9 10 | 10.5
Fighting       | 1 2 3 5 |  5.7
Invocations    | 3 4 5 8 9 |  9.2
Dodging        | 3 4 5 6 |  6.3
Stealth        | |  2.6

Action                   |  1- 3 |  4- 6 |  7- 9 || total
-------------------------+-------+-------+-------++-------
Melee: Unarmed           |       |     2 |       ||     2
 Cast: Fireball          |       |     1 |     2 ||     3
Invok: Channel Magic     |       |       |     1 ||     1
Evoke: Lightning rod     |     4 |     7 |       ||    11
  Use: Potion            |     1 |       |     2 ||     3
       Scroll            |       |       |     1 ||     1

Table legend: (Time is in decaauts)
 A = Elapsed time spent in this place.
 B = Non-inter-level travel time spent in this place.
 C = Inter-level travel time spent in this place.
 D = Time resting spent in this place.
 E = Time spent auto-exploring this place.
 F = Levels seen in this place.
 G = Mean time per level.
                   A        B        C        D        E       F      G
               +--------+--------+--------+--------+--------+-----+--------+
         Total |    647 |    647 |      0 |    511 |     11 |   1 |  647.0 |
       Dungeon |    647 |    647 |      0 |    511 |     11 |   1 |  647.0 |
               +--------+--------+--------+--------+--------+-----+--------+

Top non-repeatable levels by time:
       D: 647 daAuts
